 Dungeon Crawl Stone Soup version 0.32-a0-43-g058985b245 (webtiles) character file.

Game seed: 14064731152165564084

144 jlumianski the Ruffian (level 5, -1/41 HPs)
             Began as a Gnoll Shapeshifter on Feb 3, 2024.
             Slain by a kobold brigand
             ... wielding a +0 short sword
              (7 damage)
             ... in a sewer.
             The game lasted 00:07:43 (1277 turns).

jlumianski the Ruffian (Gnoll Shapeshifter)         Turns: 1277, Time: 00:07:44

Health: -1/41      AC:  2    Str: 15    XL:     5   Next: 26%
Magic:  2/2        EV: 12    Int: 18    God:
Gold:   77         SH:  0    Dex:  8    Spells: 6/6 levels left

rFire   . . .        q - +4 war axe of Jerarph {antimagic, rPois Int+3 Dex-4}
rCold   . . .        (no shield)
rNeg    . . .        a - +0 animal skin
rPois   +            (helmet currently unavailable)
rElec   .            (cloak currently unavailable)
rCorr   .            (gloves currently unavailable)
SInv    .            (boots currently unavailable)
Will    .....        (no amulet)
Stlth   +            l - +6 ring of intelligence
HPRegen 0.26/turn    (no ring)
MPRegen 0.08/turn

%: no passive effects
@: beast-form, very slow
A: beast (slay +3), fangs 1, strong nose, distributed training
a: Begin Untransformation


You were in a sewer.
You were a hulking beast.
You visited 1 branch of the dungeon, and saw 3 of its levels.
You also visited: Sewer.

You collected 77 gold pieces.

Inventory:

Hand Weapons
 q - the +4 war axe of Jerarph (weapon) {antimagic, rPois Int+3 Dex-4}
   (You found it on level 3 of the Dungeon)

   Int+3:     It affects your intelligence (+3).
   Dex-4:     It affects your dexterity (-4).
   rPois:     It protects you from poison
Missiles
 f - 13 poisoned darts (quivered)
 o - 4 darts of dispersal
Armour
 a - a +0 animal skin (worn)
 r - a +0 plate armour
Jewellery
 l - a +6 ring of intelligence (left hand)
Talismans
 c - a beast talisman
 d - a flux talisman
Scrolls
 e - a scroll of enchant armour
 g - a scroll of blinking
 h - a scroll of teleportation
 i - a scroll of summoning {unknown}
 j - 2 scrolls of silence {unknown}
 n - a scroll of poison {unknown}
Potions
 b - a potion of lignification
 k - a potion of attraction
 m - 2 potions of magic
 p - 2 potions of degeneration {unknown}
 s - a potion of might


   Skills:
 + Level 3.0 Fighting
 + Level 1.4 Short Blades
 + Level 1.4 Long Blades
 + Level 1.4 Axes
 + Level 1.4 Maces & Flails
 + Level 1.4 Polearms
 + Level 1.4 Staves
 + Level 1.4 Ranged Weapons
 + Level 1.4 Throwing
 + Level 1.4 Armour
 + Level 4.8 Dodging
 + Level 1.4 Stealth
 + Level 1.4 Shields
 + Level 6.7 Unarmed Combat
 + Level 1.4 Spellcasting
 + Level 1.1 Conjurations
 + Level 1.1 Hexes
 + Level 1.1 Summonings
 + Level 1.1 Necromancy
 + Level 1.1 Translocations
 + Level 1.1 Fire Magic
 + Level 1.1 Ice Magic
 + Level 1.1 Air Magic
 + Level 1.1 Earth Magic
 + Level 1.1 Alchemy
 + Level 1.6 Invocations
 + Level 1.4 Evocations
 + Level 6.6 Shapeshifting


You had 6 spell levels left.
You didn't know any spells.
Your spell library was empty.

Dungeon Overview and Level Annotations

Branches:
Dungeon (3/15)              Sewer (1/1)

Altars:


Innate Abilities, Weirdness & Mutations

You are a hulking beast.
Your limbs bulge with bestial killing power. (Slay +3)
You have very sharp teeth.
Your uncanny sense of smell can sniff out nearby items.
Your experience applies equally to all skills.


Message History

A rat comes into view.
The rat squeaks loudly.
You hear a shout!
A kobold comes into view. It is wielding a +0 dagger.
You barely miss the rat. The rat bites you but does no damage.
You hit the rat.
You kill the rat!
You barely miss the kobold. The kobold barely misses you.
A kobold brigand comes into view.
It is wielding a +0 short sword and quivering poisoned darts.
You completely miss the kobold.
The kobold brigand shouts!
The kobold splashes around in the water.
You hit the kobold.
You kill the kobold!
You hear a splash.
You enter the shallow water.
Moving in this stuff is going to be slow.
You see here a +0 dagger.
The kobold brigand throws a poisoned dart.
The poisoned dart hits you!
The kobold brigand hits you with a +0 short sword. x2
You slash the kobold brigand! Your bite misses the kobold brigand.
The kobold brigand is heavily wounded.
The kobold brigand hits you with a +0 short sword.
You closely miss the kobold brigand.
The kobold brigand is heavily wounded.
The kobold brigand splashes around in the water.
The kobold brigand hits you with a +0 short sword.
Your unstable footing causes you to fumble your attack.
The kobold brigand hits you with a +0 short sword.
You hit the kobold brigand. You punch the kobold brigand.
The kobold brigand is almost dead.
The kobold brigand hits you with a +0 short sword!
* * * LOW HITPOINT WARNING * * *
The kobold brigand hits you with a +0 short sword.
* * * LOW HITPOINT WARNING * * *
Your unstable footing causes you to fumble your attack.
The kobold brigand misses you.
Your unstable footing causes you to fumble your attack.
The kobold brigand hits you with a +0 short sword!
You die...

.....####.~..~#####.!
#.~~## ##...## #####
##~## #†# #~# ##~## #
##~..## ~~#
#..~..#####~.~~.
#...~.)~hK~.~.~~
#~...~#####.....
##~~~## .~# ##### #


You could see a kobold brigand.

Vanquished Creatures
  A kobold brigand (Sewer)
  2 adders
  4 ribbon worms (Sewer)
  A dart slug (D:3)
  6 ball pythons
  6 endoplasms
  4 giant cockroaches
  A goblin (D:1)
  2 hobgoblins
  2 quokkas
  2 bats
  5 frilled lizards
  7 kobolds
  12 rats
55 creatures vanquished.

Notes
Turn   | Place    | Note
-------+----------+-------------------------------------------
     0 | D:1      | jlumianski the Gnoll Shapeshifter began the quest for the
                  | Orb.
     0 | D:1      | Reached XP level 1. HP: 17/17 MP: 1/1
   158 | D:1      | Reached XP level 2. HP: 23/23 MP: 2/2
   585 | D:3      | Reached XP level 3. HP: 26/28 MP: 2/4
   662 | D:2      | Reached skill level 1 in Invocations
   806 | D:3      | Identified the +4 war axe of Jerarph {antimagic, rPois
                  | Int+3 Dex-4}
   908 | D:3      | Reached skill level 1 in Short Blades
   908 | D:3      | Reached skill level 1 in Long Blades
   908 | D:3      | Reached skill level 1 in Axes
   908 | D:3      | Reached skill level 1 in Maces & Flails
   908 | D:3      | Reached skill level 1 in Polearms
   908 | D:3      | Reached skill level 1 in Staves
   908 | D:3      | Reached skill level 1 in Ranged Weapons
   908 | D:3      | Reached skill level 1 in Throwing
   908 | D:3      | Reached skill level 1 in Armour
   908 | D:3      | Reached skill level 1 in Stealth
   908 | D:3      | Reached skill level 1 in Shields
   908 | D:3      | Reached skill level 1 in Spellcasting
   908 | D:3      | Reached skill level 1 in Evocations
   939 | D:3      | Found a glowing drain.
   943 | Sewer    | Entered a sewer
  1000 | Sewer    | Reached XP level 4. HP: 25/34 MP: 1/5
  1110 | Sewer    | Noticed a kobold brigand
  1130 | Sewer    | Killed a kobold brigand
  1131 | Sewer    | Reached skill level 1 in Conjurations
  1131 | Sewer    | Reached skill level 1 in Hexes
  1131 | Sewer    | Reached skill level 1 in Summonings
  1131 | Sewer    | Reached skill level 1 in Necromancy
  1131 | Sewer    | Reached skill level 1 in Translocations
  1131 | Sewer    | Reached skill level 1 in Fire Magic
  1131 | Sewer    | Reached skill level 1 in Ice Magic
  1131 | Sewer    | Reached skill level 1 in Air Magic
  1131 | Sewer    | Reached skill level 1 in Earth Magic
  1131 | Sewer    | Reached skill level 1 in Alchemy
  1131 | Sewer    | Reached XP level 5. HP: 18/40 MP: 1/7
  1266 | Sewer    | Noticed a kobold brigand
  1277 | Sewer    | Slain by a kobold brigand

Illustrated notes

Levels and vault maps discovered:
D:1:      tarquinn_simple_flora_water_e, layout_basic
D:2:      layout_basic, minivault_11
D:3:      layout_loops_ring, grunt_temple_overflow_order_and_chaos_2,
          mainiacjoe_sewer_entry_somewhere_in_here_2
Sewer:    sewer_co_15_rooms

Skill      XL: |  1  2  3  4  5 |
---------------+----------------+-----
Invocations    | 1 |  1.6
Short Blades   | 1 |  1.4
Long Blades    | 1 |  1.4
Axes           | 1 |  1.4
Maces & Flails | 1 |  1.4
Polearms       | 1 |  1.4
Staves         | 1 |  1.4
Ranged Weapons | 1 |  1.4
Throwing       | 1 |  1.4
Armour         | 1 |  1.4
Stealth        | 1 |  1.4
Shields        | 1 |  1.4
Spellcasting   | 1 |  1.4
Evocations     | 1 |  1.4
Conjurations   | 1 |  1.1
Hexes          | 1 |  1.1
Summonings     | 1 |  1.1
Necromancy     | 1 |  1.1
Translocations | 1 |  1.1
Fire Magic     | 1 |  1.1
Ice Magic      | 1 |  1.1
Air Magic      | 1 |  1.1
Earth Magic    | 1 |  1.1
Alchemy        | 1 |  1.1
Fighting       | 3 |  3.0
Dodging        | |  4.8
Unarmed Combat | |  6.7
Shapeshifting  | |  6.6

Action                     |  1- 3 |  4- 6 || total
---------------------------+-------+-------++-------
  Melee: Unarmed           |    65 |       ||    65
         Bite              |    13 |     3 ||    16
         War axe           |    44 |    36 ||    80
         Punch             |       |     1 ||     1
    Use: Scroll            |     6 |     1 ||     7
   Stab: Sleeping          |     1 |       ||     1
 Armour: Animal skin       |    45 |    19 ||    64
  Dodge: Dodged            |    78 |    17 ||    95

Table legend: (Time is in decaauts)
 A = Elapsed time spent in this place.
 B = Non-inter-level travel time spent in this place.
 C = Inter-level travel time spent in this place.
 D = Time resting spent in this place.
 E = Time spent auto-exploring this place.
 F = Levels seen in this place.
 G = Mean time per level.
                   A        B        C        D        E       F      G
               +--------+--------+--------+--------+--------+-----+--------+
         Total |   1353 |   1337 |     16 |    173 |    295 |   4 |  338.2 |
       Dungeon |    953 |    937 |     16 |     53 |    279 |   3 |  317.7 |
         Sewer |    400 |    400 |      0 |    120 |     16 |   1 |  400.0 |
               +--------+--------+--------+--------+--------+-----+--------+

Top non-repeatable levels by time:
     D:1: 428 daAuts
   Sewer: 400 daAuts
     D:2: 310 daAuts
     D:3: 214 daAuts
